[ AOE2 MATCH · #464393619 ]
UnrankedEthiopians vs Khmer
Player's team · LOSS
[ REPLAY ANALYSIS · EXTRACTED FROM THE RECORDED GAME ]
Feudal
—
Castle
—
Imperial
—
| APM avg | 20.8 |
| APM peak | 9 |
| eAPM avg | 20.8 |
| Villagers / military | 0 / 0 |
Feudal
—
Castle
—
Imperial
—
| APM avg | 74.0 |
| APM peak | 32 |
| eAPM avg | 32.4 |
| Villagers / military | 4 / 0 |
Focus
⚔️ 0.0% · 🌾 100.0%
Feudal
—
Castle
—
Imperial
—
| APM avg | 118.0 |
| APM peak | 51 |
| eAPM avg | 64.8 |
| Villagers / military | 5 / 0 |
Focus
⚔️ 58.3% · 🌾 41.7%
Feudal
—
Castle
—
Imperial
—
| APM avg | 25.5 |
| APM peak | 11 |
| eAPM avg | 25.5 |
| Villagers / military | 3 / 0 |
Focus
⚔️ 0.0% · 🌾 100.0%
Feudal
—
Castle
—
Imperial
—
| APM avg | 85.6 |
| APM peak | 37 |
| eAPM avg | 30.1 |
| Villagers / military | 3 / 0 |
Focus
⚔️ 0.0% · 🌾 100.0%
Feudal
—
Castle
—
Imperial
—
| APM avg | 20.8 |
| APM peak | 9 |
| eAPM avg | 13.9 |
| Villagers / military | 4 / 0 |
Focus
⚔️ 0.0% · 🌾 100.0%
Feudal
—
Castle
—
Imperial
—
| APM avg | 71.7 |
| APM peak | 31 |
| eAPM avg | 23.1 |
| Villagers / military | 0 / 0 |
Focus
⚔️ 0.0% · 🌾 100.0%
Feudal
—
Castle
—
Imperial
—
| APM avg | 76.4 |
| APM peak | 33 |
| eAPM avg | 32.4 |
| Villagers / military | 3 / 0 |
Focus
⚔️ 0.0% · 🌾 100.0%
Match map
Initial resources + every placement click. Lines = walls · curves = elevation contours. ◆ gold · ⬟ stone · ● berries · ✦ relic · ◌ wall gap
Your base
Oblígame Perro!'s base
RaldricDarko's base
busy pushing deer's base
King_Llanes CT's base
JOK3R_LSR's base
Nathan CT's base
Willy Fog's base
Smoothed initial terrain · ◌ = detected wall gap · hover for details
Inputs per minute
— Franczesco - - Oblígame Perro!
Build order — Franczesco
0 actions detected in the replay
Build order — Oblígame Perro!
6 actions detected in the replay
| 0:02 | Create | Villager (Male) |
| 0:02 | Create | Villager (Male) |
| 0:04 | Build | House |
| 0:06 | Build | House |
| 0:18 | Create | Villager (Male) |
| 0:18 | Create | Villager (Male) |
Build order — RaldricDarko
7 actions detected in the replay
| 0:00 | Create | Villager (Male) |
| 0:01 | Build | House |
| 0:02 | Build | House |
| 0:13 | Create | Villager (Male) |
| 0:18 | Create | Villager (Male) |
| 0:25 | Create | Villager (Male) |
| 0:25 | Create | Villager (Male) |
Build order — busy pushing deer
5 actions detected in the replay
| 0:01 | Create | Villager (Male) |
| 0:03 | Create | Villager (Male) |
| 0:03 | Create | Villager (Male) |
| 0:04 | Build | House |
| 0:05 | Build | House |
Build order — King_Llanes CT
5 actions detected in the replay
| 0:03 | Create | Villager (Male) |
| 0:05 | Build | House |
| 0:06 | Build | House |
| 0:24 | Create | Villager (Male) |
| 0:24 | Create | Villager (Male) |
Build order — JOK3R_LSR
3 actions detected in the replay
| 0:02 | Create | Villager (Male) ×4 |
| 0:03 | Build | House |
| 0:05 | Build | House |
Build order — Nathan CT
4 actions detected in the replay
| 0:02 | Research | Loom |
| 0:02 | Research | Loom |
| 0:04 | Build | House |
| 0:05 | Build | House |
Build order — Willy Fog
5 actions detected in the replay
| 0:03 | Create | Villager (Male) |
| 0:03 | Create | Villager (Male) |
| 0:04 | Build | House |
| 0:05 | Build | House |
| 0:22 | Create | Villager (Male) |
Match timeline
| 0:01 | Franczesco · resign |
[ AI ANALYSIS · 1 CREDIT ]
What really happened in this match?
Wolo.gg analyzes every decision: build order, eco, micro, common mistakes by bracket. Personalized analysis on WhatsApp or Discord in 30 seconds.
Civ guide
Ethiopians
Perfil
Jugador #2897529